 Dungeon Crawl Stone Soup version 0.31-a0-154-g56bf346678 (webtiles) character file.

Game seed: 14553823359181374282

50 jasper the Caller (level 3, -1/16 HPs)
             Began as a Spriggan Summoner on June 11, 2023.
             Slain by an iguana (5 damage)
             ... on level 2 of the Dungeon.
             The game lasted 00:03:19 (1716 turns).

jasper the Caller (Spriggan Summoner)               Turns: 1716, Time: 00:03:20

Health: -1/16      AC:  2    Str:  4    XL:     3   Next: 55%
Magic:  3/8        EV: 17    Int: 18    God:
Gold:   38         SH:  0    Dex: 15    Spells: 5/8 levels left

rFire   . . .        c - +1 dagger
rCold   . . .        (no shield)
rNeg    . . .        a - +0 robe
rPois   .            (helmet restricted)
rElec   .            (no cloak)
rCorr   .            (gloves unavailable)
SInv    +            (boots unavailable)
Will    .....        (no amulet)
Stlth   ++           (no ring)
HPRegen 0.22/turn    (no ring)
MPRegen 0.11/turn

%: no passive effects
@: very quick
A: very small, no large weapons, unfitting armour, see invisible, speed 3
a: no special abilities


You were on level 2 of the Dungeon.
You visited 1 branch of the dungeon, and saw 2 of its levels.

You collected 38 gold pieces.

Inventory:

Hand Weapons
 c - a +1 dagger (weapon)
 d - a +0 short sword
Armour
 a - a +0 robe (worn)
Magical Staves
 f - a staff of conjuration
Potions
 b - a potion of magic
 e - a potion of attraction {unknown}


   Skills:
 - Level 2.6 Dodging
 - Level 3.0 Stealth
 - Level 3.0 Spellcasting
 + Level 4.3 Summonings


You had 5 spell levels left.
You knew the following spells:

 Your Spells              Type           Power      Damage    Failure   Level
a - Summon Small Mammal   Summ           72%        N/A       2%          1
b - Call Imp              Summ           36%        N/A       4%          2

Your spell library contained the following spells:

 Spells                   Type           Power      Damage    Failure   Level
 Call Canine Familiar     Summ           18%        N/A       9%          3
 Summon Guardian Golem    Hex/Summ       10%        N/A       21%         3
 Summon Lightning Spire   Summ/Air       10%        N/A       54%         4


Dungeon Overview and Level Annotations

Branches:
Dungeon (2/15)

Altars:


Innate Abilities, Weirdness & Mutations

You are very small and have problems with some larger weapons.
You are too small for most types of armour.
You have supernaturally acute eyesight. (SInv)
You cover ground extremely quickly. (Speed+++)


Message History

The iguana is almost dead.
The iguana bites you!
Ouch! That really hurt!
* * * LOW HITPOINT WARNING * * *
Your cerulean imp hits the iguana but does no damage.
You take 14 damage, and have 2/16 hp.
MASSIVE DAMAGE!!
You swap places.
Your cerulean imp barely misses the iguana.
Your cerulean imp hits the iguana from afar with a -3 spear.
Casting: Call Imp (safe; 4% risk of failure)
Confirm with . or Enter, or press ? or * to list all spells.
You don't know that spell.
An iguana is nearby!
Casting: Call Imp (safe; 4% risk of failure)
Confirm with . or Enter, or press ? or * to list all spells.
Your cerulean imp closely misses the iguana.
You now have 7/8 mp.
Casting: Summon Small Mammal (safe; 2% risk of failure)
Confirm with . or Enter, or press ? or * to list all spells.
The iguana bites your rat!
Your rat dies!
Your rat's corpse disappears in a puff of smoke!
Your cerulean imp hits the iguana but does no damage.
You now have 6/8 mp.
Your cerulean imp disappears in a puff of smoke!
Casting: Summon Small Mammal (safe; 2% risk of failure)
Confirm with . or Enter, or press ? or * to list all spells.
Your quokka bites the iguana but does no damage.
The iguana bites your quokka!
Your quokka dies!
Your quokka's corpse disappears in a puff of smoke!
The iguana hisses angrily.
You now have 5/8 mp.
Casting: Summon Small Mammal (safe; 2% risk of failure)
Confirm with . or Enter, or press ? or * to list all spells.
A tiny devil pulls itself out of the air.
Your quokka barely misses the iguana.
You now have 3/8 mp.
You swap places.
The iguana bites you.
You die...

#.##...###...........#
..#......######...######
.##........######......##
##.........†††.#######..#
##..........##...### ##.#
#...........#......###..#
#..........##........#####
...........#....lr.......#
.#........##....@.....##.#
.###......#........5..#
.§.###...##..........##
.....###.#...........#
.......#####........##
.........# ###......#
........## ###...##
........# ###.# .......##
.#


You could see an iguana (ally target), a friendly cerulean imp (summoned) and a
friendly quokka (summoned).

Vanquished Creatures
  A worm (D:2)
  A goblin (D:2)
  2 hobgoblins
  2 kobolds (D:2)
  A ball python (D:1)
  4 bats
  A frilled lizard (D:1)
  5 rats
17 creatures vanquished.

Vanquished Creatures (collateral kills)
  An adder (D:2)
  2 dart slugs
  A ball python (D:2)
  3 endoplasms
  A giant cockroach (D:2)
  2 goblins (D:1)
  2 hobgoblins (D:1)
  3 kobolds (D:1)
  3 rats
18 creatures vanquished.

Grand Total: 35 creatures vanquished

Notes
Turn   | Place    | Note
-------+----------+-------------------------------------------
     0 | D:1      | jasper the Spriggan Summoner began the quest for the Orb.
     0 | D:1      | Reached XP level 1. HP: 9/9 MP: 5/5
   363 | D:1      | Reached XP level 2. HP: 13/13 MP: 4/7
   366 | D:1      | Learned a level 2 spell: Call Imp
  1309 | D:2      | Reached skill level 4 in Summonings
  1321 | D:2      | Reached XP level 3. HP: 16/16 MP: 6/8
  1716 | D:2      | Slain by an iguana

Illustrated notes

Levels and vault maps discovered:
D:1:      zaba_arrival_water, layout_basic
D:2:      minmay_skewed_foursquare, layout_rooms, minmay_tetromino_t4

Skill      XL: |  1  2 |
---------------+-------+-----
Spellcasting   | 3 |  3.0
Summonings     | 4 |  4.3
Dodging        | |  2.6
Stealth        | |  3.0

Action                     || total
---------------------------++-------
  Melee: Dagger            ||    72
         Unarmed           ||    10
         Punch             ||     1
   Cast: Summon Small Mamm ||    17
         Call Imp          ||    17
    Use: Scroll            ||     1
   Stab: Sleeping          ||     1
 Armour: Robe              ||     5
  Dodge: Dodged            ||    76

Table legend: (Time is in decaauts)
 A = Elapsed time spent in this place.
 B = Non-inter-level travel time spent in this place.
 C = Inter-level travel time spent in this place.
 D = Time resting spent in this place.
 E = Time spent auto-exploring this place.
 F = Levels seen in this place.
 G = Mean time per level.
                   A        B        C        D        E       F      G
               +--------+--------+--------+--------+--------+-----+--------+
         Total |   1271 |   1250 |     21 |      0 |    928 |   2 |  635.5 |
       Dungeon |   1271 |   1250 |     21 |      0 |    928 |   2 |  635.5 |
               +--------+--------+--------+--------+--------+-----+--------+

Top non-repeatable levels by time:
     D:1: 869 daAuts
     D:2: 402 daAuts
